 Dungeon Crawl Stone Soup version 0.32-a0-468-g38b2580584 (webtiles) character file.

Game seed: 4270344724957739179

3580 Ruich the Skirmisher (level 9, -5/75 HPs)
             Began as a Demigod Hunter on Feb 24, 2024.
             Slain by a wolf spider zombie (14 damage)
             ... on level 8 of the Dungeon on Feb 25, 2024.
             The game lasted 00:23:38 (9889 turns).

Ruich the Skirmisher (Demigod Hunter)               Turns: 9889, Time: 00:23:39

Health: -5/75      AC: 10    Str: 12    XL:     9   Next: 55%
Magic:  11/11      EV: 15    Int: 11    God:
Gold:   303        SH:  0    Dex: 29    Spells: 6/8 levels left

rFire   . . .        k - +0 arbalest
rCold   . . .        (shield currently unavailable)
rNeg    . . .        D - +0 steam dragon scales
rPois   .            f - +2 helmet
rElec   .            h - scarf {shadows}
rCorr   +            b - +0 pair of gloves
SInv    .            (no boots)
Will    .....        (no amulet)
Stlth   ++           I - ring of wizardry
HPRegen 0.32/turn    y - ring of resist corrosion
MPRegen 0.12/turn

%: wizardry (x1)
@: no status effects
A: high MP 1, forlorn, divine attributes
a: no special abilities


You were on level 8 of the Dungeon.
You visited 1 branch of the dungeon, and saw 8 of its levels.
You also visited: Sewer.

You collected 443 gold pieces.
You spent 140 gold pieces at shops.


Innate Abilities, Weirdness & Mutations

You have an increased reservoir of magic. (+10% MP)
You shall have no god before yourself.
Your divine heritage dramatically boosts your attributes as you level up.


   Skills:
 + Level 5.7 Fighting
 * Level 10.3 Ranged Weapons
 - Level 6.0 Armour
 + Level 3.2 Dodging
 - Level 0.8 Stealth


You had 6 spell levels left.
You knew the following spells:

 Your Spells              Type           Power      Damage    Failure   Level
B - Blink                 Tloc           0%         N/A       21%         2

Your spell library contained the following spells:

 Spells                   Type           Power      Damage    Failure   Level
 Magic Dart               Conj           0%         1d3       14%         1
 Ensorcelled Hibernation  Hex/Ice        0%         N/A       21%         2
 Lesser Beckoning         Tloc           0%         N/A       21%         2
 Mercury Vapours          Alch/Air       0%         N/A       21%         2
 Momentum Strike          Conj/Tloc      0%         3d8       21%         2
 Searing Ray              Conj           0%         2d4       21%         2
 Passwall                 Erth           0%         N/A       38%         3
 Swiftness                Air            0%         N/A       38%         3
 Fulminant Prism          Conj/Alch      0%         3d5       77%         4
 Leda's Liquefaction      Alch/Erth      0%         N/A       77%         4
 Lee's Rapid Deconstruct  Erth           0%         3d4*      98%         5
 Shatter                  Erth           0%         3d5*      100%        9

Inventory:

Hand Weapons
 a - a +0 shortbow
 k - a +0 arbalest (weapon)
Missiles
 e - 2 throwing nets {=f}
 q - 4 curare-tipped darts {=f}
 G - 70 poisoned darts
Armour
 b - a +0 pair of gloves (worn)
 f - a +2 helmet (worn)
 h - a scarf of shadows (worn)
 D - +0 steam dragon scales (worn)
 H - a +0 kite shield
Magical Staves
 p - a staff of air {!a}
 z - a staff of death {!a}
Jewellery
 m - a ring of positive energy
 y - a ring of resist corrosion (right hand)
 I - a ring of wizardry (left hand)
Wands
 s - a wand of mindburst (16)
 t - a wand of charming (2)
 E - a wand of digging (9)
Scrolls
 i - a scroll of amnesia {unknown}
 o - 2 scrolls of fog
 u - a scroll of vulnerability
 v - a scroll of blinking
 x - 3 scrolls of enchant weapon {unknown}
 A - 2 scrolls of butterflies
 C - 3 scrolls of teleportation {@r2}
Potions
 c - 2 potions of enlightenment
 d - a potion of degeneration {unknown}
 g - 2 potions of berserk rage {!q}
 j - 3 potions of mutation
 l - 4 potions of attraction
 n - 2 potions of brilliance
 r - a potion of cancellation
 w - 3 potions of heal wounds {@q2}
 B - 2 potions of invisibility
 F - 2 potions of curing {@q1}
 J - a potion of resistance

Dungeon Overview and Level Annotations

Branches:
Dungeon (8/15)             Temple (0/1) D:7           Sewer (visited)
   Lair: D:8-11

Shops:
D:5

! ########
############.......
...........#....)..
...........#.......
.##....##..@Z......
. #....##..#5...###
..##........#....#
........###+#....#
........#........#
......<.+........#
..#######........#
.P........#
...ßß......#


You could see a shadow imp and a wolf spider zombie.


Message History

You shoot a bolt.
The wolf spider zombie is lightly damaged.
The wolf spider zombie bites you! The shadow imp completely misses you.
Fire: k) +0 arbalest
Press: ? - help, Q - select action, (/) - cycle Shift-Dir - straight line, f/p - wolf spider zombie
Aim: a wolf spider zombie (lightly damaged, 83% to hit)
You shoot a bolt.
The wolf spider zombie is lightly damaged.
The wolf spider zombie closely misses you.
The wolf spider zombie barely misses you.
The shadow imp gestures at you. You resist with significant effort.
* * * LOW HITPOINT WARNING * * *
The wolf spider zombie barely misses you.
Fire: k) +0 arbalest
Press: ? - help, Q - select action, (/) - cycle Shift-Dir - straight line, f/p - wolf spider zombie
Aim: a wolf spider zombie (lightly damaged, 83% to hit)
You shoot a bolt.
The wolf spider zombie is lightly damaged.
* * * LOW HITPOINT WARNING * * *
The wolf spider zombie bites you.
* * * LOW HITPOINT WARNING * * *
x3 The wolf spider zombie bites you.
* * * LOW HITPOINT WARNING * * *
Fire: k) +0 arbalest
Press: ? - help, Q - select action, (/) - cycle Shift-Dir - straight line, f/p - wolf spider zombie
Aim: a wolf spider zombie (lightly damaged, 83% to hit)
You shoot a bolt.
The wolf spider zombie is moderately damaged.
You die...

Skill      XL: |  1  2  3  4  5  6  7  8  9 |
---------------+----------------------------+-----
Fighting       | 2 3 4 5 |  5.7
Ranged Weapons | 4 5 6 8 9 10 | 10.3
Armour         | 3 5 6 |  6.0
Dodging        | 3 |  3.2
Stealth        | |  0.8

Action                     |  1- 3 |  4- 6 |  7- 9 || total
---------------------------+-------+-------+-------++-------
   Fire: Shortbow          |   137 |   133 |   501 ||   771
         Arbalest          |       |       |    21 ||    21
  Evoke: Wand              |       |       |     8 ||     8
    Use: Potion            |       |     5 |     2 ||     7
         Scroll            |       |     9 |     7 ||    16
 Armour: Leather armour    |     4 |       |       ||     4
         Ring mail         |    21 |    48 |    10 ||    79
         Skin              |       |    35 |    18 ||    53
         Plate armour      |       |       |   319 ||   319
         Steam dragon scal |       |       |    78 ||    78
  Dodge: Dodged            |    39 |    41 |   128 ||   208

Levels and vault maps discovered:
D:1:      dpeg_chamrin_arrival_tetris, layout_loops_ring, st_stairs_2
D:2:      layout_basic, minmay_tetromino_i4
D:3:      layout_basic, uniq_ijyb, uniq_robin
D:4:      layout_cave_pools, minivault_5, minmay_hollow_rounded_squares
D:5:      kennysheep_steamy, layout_gridville, fedhas_altar_3,
          kennysheep_small_circle
D:6:      layout_basic, tso_metal_star, lightli_sewer_entry_pipes,
          uniq_jeremiah, uniq_sigmund
D:7:      layout_loops_cross, minmay_temple_entry_mist, enter_bailey_4
D:8:      cheibrodos_grave_circle, layout_gridville, serial_shops,
          nicolae_shop_crystal, shop, uniq_grum

Notes
Turn   | Place    | Note
-------+----------+-------------------------------------------
     0 | D:1      | Ruich the Demigod Hunter began the quest for the Orb.
     0 | D:1      | Reached XP level 1. HP: 17/17 MP: 3/3
   124 | D:1      | Reached skill level 2 in Fighting
   158 | D:1      | Reached skill level 4 in Ranged Weapons
   158 | D:1      | Reached XP level 2. HP: 24/24 MP: 4/4
   782 | D:2      | Reached XP level 3. HP: 30/30 MP: 5/5
  1478 | D:3      | Learned a level 2 spell: Blink
  1491 | D:3      | You fall into a shaft and drop 2 floors!
  1491 | D:5      | Entered Level 5 of the Dungeon
  1523 | D:5      | Reached XP level 4. HP: 25/37 MP: 6/6
  1613 | D:4      | Reached skill level 3 in Fighting
  1613 | D:4      | Reached skill level 5 in Ranged Weapons
  2042 | D:3      | Noticed Ijyb
  2042 | D:3      | Noticed Robin
  2064 | D:3      | HP: 4/57 [Ijyb/+0 club (3)]
  2067 | D:3      | Killed Ijyb
  2068 | D:3      | Reached XP level 5. HP: 16/45 MP: 7/7
  2089 | D:3      | Killed Robin
  2601 | D:4      | Found a large runed translucent door.
  2602 | D:4      | Found a large runed translucent door.
  2608 | D:4      | Noticed a water moccasin
  2653 | D:4      | Killed a water moccasin
  2654 | D:4      | Reached skill level 6 in Ranged Weapons
  2654 | D:4      | Reached XP level 6. HP: 35/52 MP: 8/8
  2687 | D:4      | HP: 4/52 [orc priest/+0 hand axe (5)]
  2896 | D:4      | Found a large runed translucent door.
  2896 | D:4      | Found a large runed translucent door.
  3014 | D:4      | Reached skill level 4 in Fighting
  3095 | D:4      | Noticed a wyvern
  3100 | D:4      | Killed a wyvern
  3101 | D:4      | Reached XP level 7. HP: 55/60 MP: 9/9
  3415 | D:4      | HP: 2/90 [orc warrior/bolt (11)]
  3421 | D:4      | Reached skill level 7 in Ranged Weapons
  3754 | D:4      | Got Sif Muna's Enchiridion on Flinty Nephomancy
  4224 | D:5      | Found Ofrul's Distillery.
  4235 | D:5      | Reached skill level 1 in Armour
  4340 | D:5      | Bought a potion of heal wounds for 70 gold pieces
  4340 | D:5      | Bought a potion of heal wounds for 70 gold pieces
  4461 | D:5      | Reached skill level 5 in Fighting
  4829 | D:5      | Reached skill level 2 in Armour
  5222 | D:5      | Noticed a steam dragon
  5253 | D:5      | Killed a steam dragon
  5413 | D:5      | Noticed a steam dragon
  5430 | D:5      | Killed a steam dragon
  5430 | D:5      | HP: 6/61 [something (9)]
  5431 | D:5      | Reached skill level 8 in Ranged Weapons
  5431 | D:5      | Reached skill level 3 in Armour
  5431 | D:5      | Reached XP level 8. HP: 7/68 MP: 10/10
  6034 | D:6      | Reached skill level 4 in Armour
  6134 | D:6      | Found a glowing drain.
  6141 | Sewer    | Entered a sewer
  6755 | Sewer    | Reached skill level 5 in Armour
  6945 | Sewer    | Reached skill level 9 in Ranged Weapons
  7257 | D:6      | Noticed Sigmund
  7296 | D:6      | Killed Sigmund
  7297 | D:6      | Reached XP level 9. HP: 51/74 MP: 11/11
  7546 | D:6      | Noticed Jeremiah
  8566 | D:7      | Reached skill level 6 in Armour
  8622 | D:7      | Reached skill level 2 in Dodging
  9129 | D:7      | Found a staircase to the Ecumenical Temple.
  9602 | D:7      | Identified a potion of resistance
  9710 | D:6      | Killed Jeremiah
  9711 | D:6      | Reached skill level 10 in Ranged Weapons
  9711 | D:6      | Reached skill level 3 in Dodging
  9889 | D:8      | Slain by a wolf spider zombie

Vanquished Creatures
  Jeremiah (D:6)
  A hellwing (D:8)
  Sigmund (D:6)
  A wyvern (D:4)
  2 steam dragons (D:5)
  A water moccasin (D:4)
  2 black bears
  2 orc warriors
  4 ogres
  8 kobold brigands
  A brain worm (Sewer)
  2 scorpions (D:6)
  4 howler monkeys (D:7)
  2 bombardier beetles
  2 orc priests (D:4)
  2 hounds (D:5)
  3 jellies
  Ijyb (D:3)
  4 iguanas
  2 sleepcaps
  2 orc wizards (D:7)
  Robin (D:3)
  6 adders
  5 river rats
  A shadow imp (D:8)
  3 white imps (D:6)
  2 ufetubi (D:4)
  5 dart slugs
  7 ribbon worms
  18 orcs
  8 endoplasms
  6 giant cockroaches
  20 goblins
  15 hobgoblins
  2 quokkas
  7 ball pythons
  5 bats
  2 frilled lizards (D:3)
  29 kobolds
  11 rats
201 creatures vanquished.

Table legend: (Time is in decaauts)
 A = Elapsed time spent in this place.
 B = Non-inter-level travel time spent in this place.
 C = Inter-level travel time spent in this place.
 D = Time resting spent in this place.
 E = Time spent auto-exploring this place.
 F = Levels seen in this place.
 G = Mean time per level.
                   A        B        C        D        E       F      G
               +--------+--------+--------+--------+--------+-----+--------+
         Total |  10462 |  10093 |    369 |   3274 |   4595 |   9 | 1162.4 |
       Dungeon |   9137 |   8768 |    369 |   2833 |   4002 |   8 | 1142.1 |
         Sewer |   1324 |   1324 |      0 |    441 |    593 |   1 | 1324.0 |
               +--------+--------+--------+--------+--------+-----+--------+

Top non-repeatable levels by time:
     D:5: 2607 daAuts
     D:4: 1637 daAuts
     D:6: 1513 daAuts
   Sewer: 1324 daAuts
     D:7: 1024 daAuts
     D:3: 965 daAuts
     D:1: 723 daAuts
     D:2: 620 daAuts
     D:8: 44 daAuts

Table legend:
 A = Non-vault XP
 B = Vault XP
 C = Vault XP percentage of total XP
 D = Non-vault monster count
 E = Vault monster count
 F = Vault count percentage of total count
                 A         B        C        D         E       F
            +---------+---------+-------+---------+---------+-------
      Total |    2426 |    2689 |  52.6 |     124 |      77 |  38.3
            +---------+---------+-------+---------+---------+-------
        D:1 |      40 |       3 |   7.0 |      21 |       2 |   8.7
        D:2 |      39 |       5 |  11.4 |      21 |       3 |  12.5
        D:3 |      99 |      75 |  43.1 |      16 |      13 |  44.8
        D:4 |     403 |     340 |  45.8 |      14 |       9 |  39.1
        D:5 |     423 |     493 |  53.8 |      10 |       3 |  23.1
        D:6 |     560 |     698 |  55.5 |      10 |      12 |  54.5
        D:7 |     859 |      12 |   1.4 |      31 |       5 |  13.9
        D:8 |       3 |     300 |  99.0 |       1 |       2 |  66.7
      Sewer |       0 |     763 | 100.0 |       0 |      28 | 100.0
            +---------+---------+-------+---------+---------+-------
